 Dungeon Crawl Stone Soup version 0.24.0-1-gfbc8707 (webtiles) character file.

Game seed: 10272886995950751704, levelgen mode: deterministic

1659 Fang the Skirmisher (level 9, -1/58 HPs)
             Began as a Gargoyle Berserker on Oct 31, 2019.
             Was a Priest of Trog.
             Slain by inqbanana's ghost (4 damage)
             ... on level 5 of the Dungeon.
             The game lasted 00:05:58 (4522 turns).

Fang the Skirmisher (Gargoyle Berserker)            Turns: 4522, Time: 00:05:59

Health: -1/58      AC: 17    Str: 24    XL:     9   Next: 0%
Magic:  9/9        EV:  9    Int:  8    God:    Trog [***...]
Gold:   332        SH:  0    Dex:  9    Spells: 8/8 levels left

rFire    . . .     SeeInvis .   a - +0 battleaxe
rCold    . . .     Gourm    .   (shield currently unavailable)
rNeg     + . .     Faith    .   b - +0 chain mail
rPois    ∞         Spirit   .   (no helmet)
rElec    +         Reflect  .   (no cloak)
rCorr    .         Harm     .   o - +0 pair of gloves (curse)
MR       .....                  (no boots)
Stlth    ..........             (no amulet)
HPRegen  0.19/turn              (no ring)
MPRegen  0.11/turn              (no ring)

@: berserk cooldown, slowed, very slow
A: negative energy resistance 1, electricity resistance, unbreathing,
petrification resistance, rot immunity, AC +6
a: Berserk, Trog's Hand, Renounce Religion


You were on level 5 of the Dungeon.
You worshipped Trog.
Trog was most pleased with you.
You were near starving.

You visited 1 branch of the dungeon, and saw 5 of its levels.

You collected 332 gold pieces.

Inventory:

Hand Weapons
 a - a +0 battleaxe (weapon)
Armour
 b - a +0 chain mail (worn)
 o - a cursed +0 pair of gloves (worn)
Jewellery
 s - a cursed amulet of inaccuracy {unknown}
Wands
 z - a wand of random effects (11)
Scrolls
 h - 2 scrolls of remove curse {unknown}
 i - a scroll of amnesia {unknown}
 j - 3 scrolls of identify {unknown}
 m - 2 scrolls of fog {unknown}
 n - 3 scrolls of teleportation {unknown}
 r - 2 scrolls of enchant weapon {unknown}
 u - a scroll of random uselessness {unknown}
 v - a scroll of blinking {unknown}
 w - a scroll of fear {unknown}
 x - a scroll of immolation {unknown}
 y - a scroll of magic mapping {unknown}
Potions
 d - 4 potions of curing {unknown}
 e - a potion of mutation {unknown}
 f - a potion of resistance {unknown}
 g - 4 potions of brilliance {unknown}
 k - a potion of lignification {unknown}
 l - 3 potions of might {unknown}
 p - 2 potions of flight {unknown}
 q - a potion of ambrosia {unknown}
 t - a potion of berserk rage {unknown}
Comestibles
 c - 13 rations


   Skills:
 * Level 7.7 Fighting
 * Level 6.5 Axes
 + Level 5.4 Armour
 + Level 3.9 Dodging


You had 8 spell levels left.
You didn't know any spells.
Your spell library was empty.

Dungeon Overview and Level Annotations

Branches:
Dungeon (5/15)
 Temple: D:4-7

Altars:
Ashenzari
Vehumet
The Shining One

Annotations:
D:5 1 runed translucent door, inqbanana's ghost, amateur FeMo


Innate Abilities, Weirdness & Mutations

You are resistant to torment.
Your stone body is resilient. (AC +6)
You are immune to poison.
You resist negative energy. (rN+)
You are resistant to electric shocks. (rElec)
You can survive without breathing.
You are immune to petrification.
You are immune to rotting.


Message History

Your experience leads to an increase in your attributes!
Your base attributes are Str 23, Int 8, Dex 9.
Increase (S)trength, (I)ntelligence, or (D)exterity?
You feel stronger.
You are no longer berserk.
You are exhausted.
You feel yourself slow down. Inqbanana's ghost hits you!
* * * LOW HITPOINT WARNING * * *
You miss inqbanana's ghost. Inqbanana's ghost hits you.
* * * LOW HITPOINT WARNING * * *
Inqbanana's ghost hits you but does no damage.
Your chain mail prevents you from hitting inqbanana's ghost.
Inqbanana's ghost hits you.
* * * LOW HITPOINT WARNING * * *
Inqbanana's ghost hits you but does no damage.
You hit inqbanana's ghost.
Inqbanana's ghost is moderately damaged.
Inqbanana's ghost hits you but does no damage.
Inqbanana's ghost hits you.
You die...

#.# #<# #..#.###
### #.####.#
#.(#.... ..#
#.#....# #..#.###
#.# #.#.####
##.#.#.. ..# #.#.#
#.#.#.# ### #.#.#
#.#.#÷#
#.#############
#.#...#
###.#F≈≈≈≈≈≈W†#.##
#.#####
#...+s≈≈≈|≈≈†@'..#
#......
#...#≈≈≈≈≈≈≈≈≈#..#
#.#####
#..#############.#
###.#...# #..##.#
#.#
#.#####...#.#.#
#..##.# #.#
#.........#.#.#
####..##.# #.#
#####.#.#.#.#..
......##.## #.#
#.#.#.#.###
####..#...###.#
#.#(#......
#....#.....#
#.#.###..#.


You could see inqbanana's ghost.

Vanquished Creatures
  Pikel (D:5)
  The ghost of ogel02 the Chopper, a novice HOFi (D:4)
  Eustachio (D:4)
  A slave (D:5)
  A phantom (D:5)
  Blork the orc (D:5)
  A bullfrog (D:5)
  A killer bee (D:4)
  2 centaur skeletons
  3 orc wizards (D:3)
  A centaur zombie (D:5)
  Jessica (D:2)
  4 worker ants
  A hound skeleton (D:4)
  5 gnolls
  5 adders
  An ooze (D:3)
  4 worms
  3 dart slugs
  14 orcs
  4 giant cockroaches
  17 goblins
  9 hobgoblins
  4 jackals (D:1)
  4 kobolds
  3 quokkas
  9 bats
  4 frilled lizards
  15 rats
121 creatures vanquished.

Vanquished Creatures (others)
  A crimson imp (D:5)
  A bullfrog zombie (D:5)
  A worker ant (D:5)
  An adder (D:5)
  A jackal (D:5)
5 creatures vanquished.

Grand Total: 126 creatures vanquished

Notes
Turn   | Place    | Note
-------+----------+-------------------------------------------
     0 | D:1      | Fang the Gargoyle Berserker began the quest for the Orb.
     0 | D:1      | Reached XP level 1. HP: 14/14 MP: 1/1
   225 | D:1      | Reached XP level 2. HP: 15/19 MP: 2/2
   700 | D:1      | Reached XP level 3. HP: 24/24 MP: 3/3
   971 | D:1      | Reached ** piety under Trog
  1068 | D:1      | Reached skill level 4 in Fighting
  1215 | D:2      | Noticed Jessica
  1223 | D:2      | Killed Jessica
  1223 | D:2      | Reached XP level 4. HP: 23/29 MP: 4/4
  1931 | D:3      | Reached XP level 5. HP: 26/34 MP: 5/5
  2008 | D:3      | Found a shattered altar of Ashenzari.
  2218 | D:3      | Reached *** piety under Trog
  2279 | D:3      | Reached XP level 6. HP: 27/40 MP: 6/6
  2520 | D:4      | Found a runed translucent gate.
  2520 | D:4      | Found a runed translucent gate.
  2520 | D:4      | Found a runed translucent gate.
  2532 | D:4      | Received a gift from Trog
  2532 | D:4      | Reached skill level 5 in Fighting
  2542 | D:4      | Noticed ogel02's ghost (novice HOFi)
  2872 | D:4      | Noticed Eustachio
  2886 | D:4      | Killed Eustachio
  2886 | D:4      | Reached XP level 7. HP: 39/44 MP: 7/7
  3160 | D:4      | Killed ogel02's ghost
  3160 | D:4      | Reached skill level 6 in Fighting
  3160 | D:4      | Reached skill level 5 in Axes
  3160 | D:4      | Reached XP level 8. HP: 45/52 MP: 8/8
  3245 | D:5      | Entered Level 5 of the Dungeon
  3245 | D:5      | Found a radiant altar of Vehumet.
  3245 | D:5      | Noticed Pikel
  3268 | D:5      | Killed Pikel
  3268 | D:5      | Reached skill level 7 in Fighting
  3268 | D:5      | Reached skill level 5 in Armour
  4018 | D:5      | Found a runed translucent door.
  4046 | D:5      | Noticed inqbanana's ghost (amateur FeMo)
  4066 | D:5      | Noticed Blork the orc
  4079 | D:5      | Killed Blork the orc
  4233 | D:5      | Found a glowing golden altar of the Shining One.
  4351 | D:5      | Found a runed translucent door.
  4519 | D:5      | Reached XP level 9. HP: 28/58 MP: 9/9
  4521 | D:5      | HP: 2/58 [inqbanana's ghost (4)]
  4522 | D:5      | Slain by inqbanana's ghost

Levels and vault maps discovered:
D:1:      dpeg_arrival_ratfight, layout_loops_cross
D:2:      layout_rooms, first_ration, uniq_jessica
D:3:      layout_rooms, nicolae_overflow_hidden_temple, evilmike_ruin_ashenzari,
          minmay_misc_feat_enclosed
D:4:      layout_gridville, gammafunk_ghost_split, uniq_eustachio
D:5:      layout_loops_ring, fiery_altar_vehumet,
          nicolae_tso_swordbearing_angel, ebering_ghost_sewer_f,
          roderic_lattice_a, chequers_serial_rivers_micro_b, uniq_pikel,
          uniq_blork_the_orc

Skill      XL: |  1  2  3  4  5  6  7  8 |
---------------+-------------------------+-----
Axes           | 3 4 5 6 |  6.5
Fighting       | 4 5 6 7 |  7.7
Dodging        | 2 3 |  3.9
Armour         | 3 4 5 |  5.4

Action                   |  1- 3 |  4- 6 |  7- 9 || total
-------------------------+-------+-------+-------++-------
Melee: Hand axe          |   111 |   210 |   138 ||   459
       Battleaxe         |       |       |    24 ||    24
Invok: Berserk           |     1 |     1 |     4 ||     6
       Trog's Hand       |       |       |     2 ||     2
 Stab: Sleeping          |     1 |       |       ||     1
  Eat: Chunk             |     2 |     7 |     4 ||    13
       Ration            |       |       |     1 ||     1
Armor: Animal skin       |    48 |    10 |       ||    58
       Chain mail        |       |   163 |   173 ||   336
       Skin              |       |     2 |       ||     2
Dodge: Dodged            |    88 |   119 |   119 ||   326
